Unix NetHack Version 5.0.0-0 post-release - last build May 17 2026 04:57:42 (dc50c8380fa5e20985bfe3072449f57b8d9895ef,branch:main).

Game began 2026-05-19 00:10:13, ended 2026-05-19 00:39:12.

Corncycle, chaotic male human Rogue

                                 --------------     ----------------
                                #-............|     |*.............|
                                #|.^..........-#####...............|
                                #------------|-    #|..............|
                                ###       ####      --------------|-
     ----------------             #    ####                       #
     |[[[[[[[[)[[[[`|             #    #                          ##
     |[[[[[[[[)[[[..-#            #----|--                         #
     |[[[[[[)[[[[[[.|# -----------#|....[.#                        #
     ----------------# |.........|#|.....|###                      #
                     e |<........|#|.....|  #                      #
                     @r...........#.......  ##        #            #
                     fZ|...}}}...|#          ### -----0################
                      #|...}}}...|#            # |...|#       -----|--.-----
                      #....}}}....#            ##|...|#       |...)>.......|
                       |.........|              #|>..|#       |.......k....|
                       |.........|              #..+.|#       |............|
                       |.........|               |..+.#       |............|
                       -----------               -----#       --------------

Corncycle the Cutpurse  St:12 Dx:15 Co:15 In:15 Wi:10 Ch:11  Chaotic
Dlvl:4  $:36 HP:0(33) Pw:20(20) AC:6  Xp:4 T:1543 

Latest messages:
 The kitten misses the iguana.
 In what direction?
 You throw 2 daggers.
 The 1st dagger hits the iguana.
 The 2nd dagger misses the iguana.
 The kitten bites the iguana.
 The iguana is killed!
 You swap places with your kitten.
 There is a doorway here.
 You see here 3 +0 daggers.
 b - 3 +0 daggers (at the ready) (6 in total).
 You hit the floating eye.
 You are frozen by the floating eye's gaze!
 You hear crashing rock.
 It misses the iguana.
 You hear some noises.
 It bites the iguana.
 The iguana is killed!
 The kitten misses the rock mole.
 The rock mole bites!
 The kitten misses the rock mole.
 The kitten bites the rock mole.
 The rock mole misses the kitten.
 The kitten misses the rock mole.
 The kitten misses the rock mole.
 The kitten misses the rock mole.
 The kitten misses the rock mole.
 The kitten misses the rock mole.
 The kitten misses the rock mole.
 The kitten bites the rock mole.
 The rock mole misses the kitten.
 The kitten misses the rock mole.
 The kitten misses the rock mole.
 The kitten misses the rock mole.
 The kitten misses the rock mole.
 The dwarf zombie hits!
 The kitten bites the rock mole.
 The rock mole bites!
 The dwarf zombie hits!
 The kitten misses the rock mole.
 The kitten misses the rock mole.
 The dwarf zombie hits!
 The kitten misses the rock mole.
 The dwarf zombie hits!
 You die...
 Do you want your possessions identified? [ynq] (y)
 Do you want to see your attributes? [ynq] (y)
 Do you want an account of creatures vanquished? [ynaq] (y)
 Do you want to see your conduct and achievements? [ynq] (y)
 Do you want to see the dungeon overview? [ynq] (y)

Inventory:
 Coins    ('$')
  $ - 36 gold pieces
 Weapons  (')')
  b - 6 +0 daggers (at the ready)
  a - a +0 short sword (weapon in right hand)
 Armor    ('[')
  H - a blessed +0 orcish helm (being worn)
  p - a cursed -1 pair of levitation boots named cursed
  G - an uncursed +0 studded leather armor (being worn)
 Comestibles  ('%')
  C - 3 uncursed food rations
  w - an uncursed tin of smoked kobold meat
  j - an uncursed lichen corpse
 Scrolls  ('?')
  u - an uncursed scroll of blank paper
  v - an uncursed scroll of confuse monster
  r - an uncursed scroll of enchant armor
 Potions  ('!')
  k - an uncursed potion of blindness
  x - an uncursed potion of booze
  l - an uncursed potion of gain energy
  g - 6 uncursed potions of healing
  d - an uncursed potion of sickness
 Rings    ('=')
  m - an uncursed ring of free action
 Wands    ('/')
  s - a wand of digging (0:4)
  t - a wand of locking (0:5)
  F - a wand of magic missile (0:6)
  y - a wand of opening (0:6)
 Tools    ('(')
  f - an empty uncursed sack
  e - an uncursed lock pick
  D - an uncursed stethoscope
 Gems/Stones  ('*')
  B - an uncursed flint stone

Corncycle the Rogue's attributes:

Background:
 You were a Cutpurse, a level 4 male human Rogue.
 You were chaotic, nominally on a mission for Kos
 who was opposed by Issek (lawful) and Mog (neutral).
 You were right-handed.
 You were in the Dungeons of Doom, on level 4.
 You entered the dungeon 1543 turns ago.
 It was the midnight hour.
 There was a new moon in effect when your adventure ended.
 You had 83 experience points, 77 more were needed to attain level 5.

Basics:
 You had 0 out of 33 hit points.
 You had all 20 energy points (spell power).
 Your armor class was 6.
 Your wallet contained 36 zorkmids.
 Autopickup was off.

Final Characteristics:
 Your strength was 12 (limit:18/100).
 Your dexterity was 15 (limit:18).
 Your constitution was 15 (limit:18).
 Your intelligence was 15 (limit:18).
 Your wisdom was 10 (limit:18).
 Your charisma was 11 (limit:18).

Final Status:
 You weren't hungry.
 You were unencumbered.
 You were wielding a short sword.
 You had basic skill with short sword.

Final Attributes:
 You were devoutly aligned.
 You were stealthy.
 You were warded.
 You are dead.

Miscellaneous:
 You didn't encounter any bones levels.
 Total elapsed playing time was 15 minutes and 4 seconds.

Major events:
 Turn
    1: Corncycle the chaotic male human Rogue entered the dungeon
 1157: attained the rank of Cutpurse (level 3)
 1543: killed by a dwarf zombie, while frozen by a floating eye's gaze

You didn't know any spells.

Skills:
 Fighting Skills
   bare handed combat [Unskilled]
   two weapon combat  [Unskilled]
   riding             [Unskilled]
 Weapon Skills
   dagger             [Basic]
   knife              [Unskilled]
   short sword        [Basic]
   broadsword         [Unskilled]
   long sword         [Unskilled]
   two-handed sword   [Unskilled]
   saber              [Unskilled]
   club               [Unskilled]
   mace               [Unskilled]
   morning star       [Unskilled]
   flail              [Unskilled]
   hammer             [Unskilled]
   polearms           [Unskilled]
   spear              [Unskilled]
   crossbow           [Unskilled]
   dart               [Unskilled]
   shuriken           [Unskilled]
 Spellcasting Skills
   divination spells  [Unskilled]
   escape spells      [Unskilled]
   matter spells      [Unskilled]

Voluntary challenges:
 Character rerolling was not enabled.
 You were an atheist.
 You never genocided any monsters.
 You never polymorphed an object.
 You never changed form.
 You used no wishes.
Achievements:
 You entered a shop.
 You attained the rank of Cutpurse.

 The Dungeons of Doom: levels 1 to 5
    Level 1:
       Many fountains, a grave.
    Level 2:
       A grave.
    Level 3:
    Level 4: <- You were here.
       An armor shop.
       Final resting place for
          you, killed by a dwarf zombie, while frozen by a floating eye's gaze.
    Level 5:


Vanquished creatures:
  a small mimic
  2 shriekers
  2 iguanas
  a red mold
  a gecko
  4 jackals
  3 foxes
  2 goblins
  2 sewer rats
  a grid bug
  a lichen
  a kobold zombie
  5 newts
26 creatures vanquished.

No species were genocided or became extinct.

Game over:
                       ----------
                      /          \
                     /    REST    \
                    /      IN      \
                   /     PEACE      \
                  /                  \
                  |    Corncycle     |
                  |      36 Au       |
                  |   killed by a    |
                  |   dwarf zombie   |
                  |                  |
                  |                  |
                  |       2026       |
                 *|     *  *  *      | *
        _________)/\\_//(\/(/\)/\//\/|_)_______

Goodbye Corncycle the Rogue...

You died in The Dungeons of Doom on dungeon level 4 with 575 points,
and 36 pieces of gold, after 1543 moves.
You were level 4 with a maximum of 33 hit points when you died.

